AoeStats
← Baldassarre Cossa

Fortress

507090685Analyzed
4v4 RM · 14d ago on Sep 16, 2026· 52m 13s· 8 players
Game mode
Random Map
Map size
Huge
Population
200
Speed
Normal
Resources
Standard
Victory
Conquest
Starting age
Dark Age
Ending age
Imperial Age
RankedLock teamsTeams togetherTeam positionsShared explorationLock speedFull tech treeHidden civsTurbo modeCheats
Victory
Defeat
🇺🇸 Wu · United States
642
+10
🇨🇦 Hindustanis · Canada
635
+10
🇨🇳 Persians · China
556
+13
🇬🇧 Bohemians · United Kingdom
466
+18
🇵🇱 Khmer · Poland
530
-14
🇹🇷 Franks · Türkiye
505
-13
🇨🇿 Teutons · Czechia
491
-12
🇬🇧 Franks · United Kingdom
486
-12
Pikothh
8:14 Feudal Age
9:08 Double-Bit Axe
12:10 Stone Mining
12:13 Gold Mining
18:10 Wheelbarrow
17:23 Man-at-Arms
18:06 Scale Mail Armor
18:18 Forging
18:00 Fletching
18:10 Padded Archer Armor
18:16 Scale Barding Armor
22:30 Castle Age
23:54 Gold Shaft Mining
23:16 Long Swordsman
25:13 Light Cavalry
tchodor16
9:54 Feudal Age
13:06 Double-Bit Axe
13:04 Horse Collar
14:02 Wheelbarrow
17:25 Castle Age
27:00 Hand Cart
30:39 Pikeman
40:28 Imperial Age
((W@W)) Rahi
9:32 Feudal Age
10:09 Double-Bit Axe
16:43 Castle Age
29:19 Imperial Age
31:34 Elite Throwing Axeman
31:38 Cavalier
37:49 Paladin
Baldassarre Cossa
8:42 Feudal Age
7:58 Loom
10:04 Wheelbarrow
9:19 Double-Bit Axe
9:20 Horse Collar
15:20 Castle Age
13:38 Gold Mining
14:32 Fletching
14:43 Padded Archer Armor
14:44 Scale Mail Armor
14:54 Forging
14:39 Stone Mining
16:54 Caravan
17:35 Stone Shaft Mining
17:09 Heavy Plow
19:20 Bow Saw
21:51 Hand Cart
22:27 Bodkin Arrow
23:44 Elite Skirmisher
27:19 Pikeman
27:59 Squires
27:45 Arson
28:39 Iron Casting
28:21 Chain Mail Armor
28:21 Leather Archer Armor
Sorrentino79712
9:29 Feudal Age
10:58 Double-Bit Axe
10:55 Horse Collar
11:55 Gold Mining
15:33 Castle Age
14:46 Scale Barding Armor
17:19 Wheelbarrow
18:27 Stone Mining
19:29 Bloodlines
19:21 Husbandry
19:36 Loom
19:39 Town Watch
20:53 Gold Shaft Mining
20:29 Heavy Plow
20:46 Fervor
21:22 Bow Saw
23:11 Hand Cart
24:29 Fortified Wall
25:12 Stone Shaft Mining
26:23 Town Patrol
30:53 Imperial Age
28:54 Grand Trunk Road
29:05 Caravan
29:37 Masonry
30:08 Fletching
30:41 Chain Barding Armor
30:23 Padded Archer Armor
32:34 Two-Man Saw
32:10 Ballistics
32:53 Chemistry
31:50 Murder Holes
32:37 Conscription
33:46 Heavy Camel Rider
35:17 Hoardings
34:44 Shatagni
34:53 Thumb Ring
35:48 Forging
36:15 Plate Barding Armor
35:36 Bodkin Arrow
36:54 Elite Ghulam
38:14 Iron Casting
37:59 Imperial Camel Rider
38:01 Light Cavalry
38:49 Pikeman
39:18 Arson
39:53 Bracer
40:54 Blast Furnace
42:06 Coinage
42:25 Siege Engineers
42:19 Guard Tower
42:36 Scale Mail Armor
42:51 Leather Archer Armor
47:14 Chain Mail Armor
47:30 Ring Archer Armor
52:00 Hussar
Delonge
9:38 Loom
11:25 Feudal Age
14:04 Double-Bit Axe
15:04 Horse Collar
15:21 Gold Mining
19:09 Castle Age
17:39 Stone Mining
19:28 Fletching
21:20 Bow Saw
21:13 Heavy Plow
23:32 Squires
23:57 Arson
24:16 Scale Mail Armor
26:10 Red Cliffs Tactics
26:18 Padded Archer Armor
31:03 Forging
32:27 Pikeman
37:34 Gold Shaft Mining
38:18 Caravan
39:30 Wheelbarrow
40:11 Ballistics
39:57 Bodkin Arrow
41:10 Murder Holes
40:56 Treadmill Crane
41:35 Chain Mail Armor
46:19 Leather Archer Armor
48:57 Imperial Age
47:06 Stone Shaft Mining
51:59 Sitting Tiger
vw372865
8:46 Feudal Age
10:08 Double-Bit Axe
15:01 Castle Age
14:00 Wheelbarrow
13:15 Horse Collar
15:26 Man-at-Arms
17:34 Long Swordsman
34:16 Squires
34:06 Arson
34:27 Scale Mail Armor
48:01 Imperial Age
48:11 Two-Handed Swordsman
48:23 Capped Ram
49:15 Champion
50:52 Chain Mail Armor
50:55 Forging
Augustus
8:25 Feudal Age
6:54 Loom
8:52 Horse Collar
8:59 Double-Bit Axe
16:23 Castle Age
16:59 Heavy Plow
17:11 Bow Saw
17:02 Stone Mining
18:22 Fervor
22:03 Wheelbarrow
27:04 Imperial Age
25:21 Caravan
26:28 Forging
26:24 Scale Barding Armor
26:32 Bloodlines
26:29 Husbandry
29:28 Murder Holes
29:58 Ballistics
30:03 Cavalier
32:23 Iron Casting
32:09 Chain Barding Armor
33:30 Citadels
33:44 Conscription
35:06 Two-Man Saw
34:40 Crop Rotation
35:06 Savar
36:51 Chemistry
37:58 Fletching
40:16 Blast Furnace
39:38 Chain Barding Armor
41:06 Hand Cart
40:44 Gold Mining
41:31 Stone Shaft Mining
42:41 Plate Barding Armor
42:04 Bodkin Arrow
42:49 Gold Shaft Mining
44:23 Elite War Elephant
45:40 Hoardings
48:48 Masonry
Connection lost

Rejoining the realm…

Still unreachable

The connection could not be restored.

Session expired

The server has moved on; the page needs a fresh start.